 Dungeon Crawl Stone Soup version 0.31-a0-1204-ge2c1a860ed (webtiles) character file.

Game seed: 5822734329038698815

2336 timneilson the Ruffian (level 9, -1/61 HPs)
             Began as an Octopode Shapeshifter on Dec 12, 2023.
             Was an Initiate of Gozag.
             Killed from afar by an electric eel (8 damage)
             ... with a bolt of electricity
             ... on level 7 of the Dungeon.
             The game lasted 00:11:06 (6748 turns).

timneilson the Ruffian (Octopode Shapeshifter)      Turns: 6748, Time: 00:11:07

Health: -1/61      AC:  1    Str: 17    XL:     9   Next: 42%
Magic:  9/9        EV: 14    Int: 12    God:    Gozag
Gold:   275        SH: 11    Dex: 15    Spells: 8/8 levels left

rFire   . .          .
                       - Unarmed
rCold   . . .        d - +2 kite shield {reflect}
rNeg    . . .        (helmet currently unavailable)
rPois   .            f - amulet of Amelioration {RegenMP +Blink Dex+3}
rElec   .            (no ring)
rCorr   .            (no ring)
SInv    .            (no ring)
Will    .....        (no ring)
Stlth   ++++         (no ring)
HPRegen 0.30/turn    (no ring)
MPRegen 0.51/turn    (no ring)
                     (no ring)

%: reflection
@: beast-form, gold aura
A: beast (slay +3), almost no armour, amphibious, 8 rings, camouflage 1,
gelatinous body 1, (nimble swimmer 1), tentacles
a: Begin Untransformation, Renounce Religion, Evoke Blink, Potion Petition, Call
Merchant, Bribe Branch


You were on level 7 of the Dungeon.
You worshipped Gozag.
Gozag was aware of your devotion.
You were a hulking beast.
You visited 2 branches of the dungeon, and saw 8 of its levels.

You collected 407 gold pieces.
You paid 132 gold pieces to Gozag.

Inventory:

Armour
 d - a +2 kite shield of reflection (worn)
Jewellery
 f - the amulet of Amelioration (around mantle) {RegenMP +Blink Dex+3}
   (You found it on level 2 of the Dungeon)

   [amulet of magic regeneration]

   RegenMP:   It increases your rate of magic regeneration.
   Dex+3:     It affects your dexterity (+3).
   +Blink:    It lets you blink.
 r - an amulet of guardian spirit
 s - a ring of ice
Talismans
 b - a beast talisman
 c - a flux talisman
Wands
 e - a wand of paralysis (8)
 m - a wand of mindburst (7)
Scrolls
 g - 2 scrolls of teleportation
 k - a scroll of identify
 p - a scroll of brand weapon
Potions
 a - 2 potions of lignification
 h - a potion of cancellation
 i - a potion of curing
 j - 3 potions of attraction
 l - a potion of brilliance
 o - a potion of heal wounds
 t - a potion of haste {unknown}
 v - a potion of enlightenment {unknown}


   Skills:
 * Level 5.2 Fighting
 * Level 5.6 Dodging
 + Level 5.4 Stealth
 + Level 3.2 Shields
 * Level 6.2 Unarmed Combat
 + Level 3.1 Evocations
 * Level 5.7 Shapeshifting


You had 8 spell levels left.
You didn't know any spells.
Your spell library contained the following spells:

 Spells                   Type           Power      Damage    Failure   Level
 Necrotise                Necr           0%         1d4       67%         1
 Slow                     Hex            0%         N/A       67%         1
 Confusing Touch          Hex            0%         N/A       95%         3
 Sigil of Binding         Hex            0%         N/A       95%         3
 Vampiric Draining        Necr           0%         2d6       95%         3
 Passage of Golubria      Tloc           0%         N/A       100%        4
 Agony                    Necr           0%         N/A       100%        5
 Silence                  Hex/Air        0%         N/A       100%        5
 Lehudib's Crystal Spear  Conj/Erth      0%         10d2      100%        8


Dungeon Overview and Level Annotations

Branches:
Dungeon (7/15)             Temple (1/1) D:7

Altars:
Ashenzari
Cheibriados
Elyvilon
Gozag
Hepliaklqana
Nemelex Xobeh
Okawaru
Qazlal
Sif Muna
Vehumet
Wu Jian
Xom
Zin
The Shining One

Shops:
D:1 [!**[   D:4 :   D:7 *


Innate Abilities, Weirdness & Mutations

You are a hulking beast.
Your limbs bulge with bestial killing power. (Slay +3)
You cannot wear most types of armour.
You are amphibious.
You can wear up to eight rings at the same time.
Your skin changes colour to match your surroundings (Stealth+).
Your rubbery body absorbs attacks. (AC +1, EV +1)
((You are camouflaged when in or above water. (Stealth+)))
You have tentacles for arms and can constrict up to eight enemies at once.


Message History

3 electric eels come into view.
Okay, then.
Found a scale mail and a scroll labelled DUNUMU IHOUGROFF.
Found a quarterstaff.
You enter the shallow water.
The electric eel shoots out a bolt of lightning at you!
The bolt of electricity misses you. The bolt of electricity hits you!
The bolt of electricity hits the electric eel.
The electric eel completely resists.
You tentacle-slap the electric eel. Your grab misses the electric eel.
Your squeeze misses the electric eel.
The electric eel is lightly wounded.
The electric eel shoots out a bolt of lightning at you!
The bolt of electricity hits you! x2
The bolt of electricity hits the electric eel.
The electric eel completely resists.
The electric eel shoots out a bolt of lightning at you!
The bolt of electricity hits you!
* * * LOW HITPOINT WARNING * * *
You tentacle-slap the electric eel. You grab the electric eel.
You squeeze the electric eel!
The electric eel is severely wounded.
You constrict the electric eel.
The electric eel shoots out a bolt of lightning at you!
The bolt of electricity hits you!
* * * LOW HITPOINT WARNING * * *
You barely miss the electric eel.
The electric eel is almost dead.
You constrict the electric eel.
You kill the electric eel!
You hear a splash.
Unknown command.
You now have 275 gold pieces (gained 6).
You enter the shallow water.
The electric eel is distracted by your dazzling golden aura.
The electric eel shoots out a bolt of lightning at you!
The bolt of electricity hits the plant!
The plant begins to die.
The bolt of electricity hits you!
You die...
Your body crumbles into a pile of gold.

.# .# ## .# ##. .## #
..#.. ... #.###
######h..# .##
#......#.###
....###?...........
~.~.......~~~P.~.~##
~≈~..~~~P..≈≈~≈≈≈≈≈≈
.~~P≈≈≈~~~~~~≈≈≈≈≈≈≈≈≈≈≈
≈≈≈≈≈≈~~~S≈≈≈≈≈≈≈~~P≈≈≈≈
≈≈≈≈≈~P~~~≈~~~~~~~[.~~#
≈S~P~.~~~...~~~..~~.)~.
######


You could see an electric eel.

Vanquished Creatures
  A hornet (D:7)
  Sigmund (D:2)
  A water moccasin (D:6)
  6 black bears
  An ice beast (D:7)
  A phantom (D:6)
  A bullfrog (D:6)
  2 gnoll sergeants (D:5)
  A scorpion (D:4)
  5 wights (D:7)
  An electric eel (D:7)
  2 hounds
  2 jellies
  A sleepcap (D:5)
  6 iguanas
  Ijyb (D:3)
  An orc wizard (D:3)
  Robin (D:3)
  10 gnolls (D:5)
  6 adders
  A shadow imp (D:7)
  A white imp (D:5)
  2 dart slugs
  13 orcs
  6 ball pythons
  8 bats
  8 endoplasms
  2 giant cockroaches (D:2)
  8 goblins
  6 hobgoblins
  5 jackals
  5 kobolds
  4 quokkas
  4 frilled lizards
  6 rats
130 creatures vanquished.

Notes
Turn   | Place    | Note
-------+----------+-------------------------------------------
     0 | D:1      | timneilson the Octopode Shapeshifter began the quest for
                  | the Orb.
     0 | D:1      | Reached XP level 1. HP: 13/13 MP: 1/1
   128 | D:1      | Found Yme Kant's Distillery.
   133 | D:1      | Reached XP level 2. HP: 15/18 MP: 2/2
   200 | D:1      | Found Curras Zicudd's Antique Armour Emporium.
   319 | D:1      | Found Geczoggi's Assorted Antiques.
   321 | D:1      | Found Jetu Moariu's General Store.
   344 | D:1      | Found Mesugina's Armour Shop.
   388 | D:1      | Reached skill level 1 in Stealth
   394 | D:1      | Reached XP level 3. HP: 20/23 MP: 3/3
   556 | D:1      | Identified a scroll of acquirement
   556 | D:1      | Acquired a +2 kite shield of reflection
   721 | D:2      | Identified the amulet of Amelioration {RegenMP +Blink
                  | Dex+3}
   746 | D:2      | Found a faded altar of an unknown god.
   864 | D:2      | Reached XP level 4. HP: 29/29 MP: 4/4
  1288 | D:2      | Noticed Sigmund
  1294 | D:2      | Killed Sigmund
  1295 | D:2      | Reached skill level 1 in Shields
  1295 | D:2      | Reached skill level 4 in Unarmed Combat
  1295 | D:2      | Reached XP level 5. HP: 18/35 MP: 5/5
  1295 | D:2      | Reached XP level 6. HP: 21/41 MP: 6/6
  1702 | D:3      | Noticed Robin
  1719 | D:3      | Noticed Ijyb
  1719 | D:3      | Killed Robin
  1729 | D:3      | Paralysed by Ijyb for 2 turns
  1737 | D:3      | Paralysed by Ijyb for 5 turns
  1742 | D:3      | Killed Ijyb
  1949 | D:3      | Noticed a black bear
  1958 | D:3      | Killed a black bear
  2552 | D:4      | Reached XP level 7. HP: 46/46 MP: 7/7
  2614 | D:4      | Reached skill level 1 in Evocations
  3138 | D:4      | Found Hodown's Book Boutique.
  3688 | D:5      | Entered Level 5 of the Dungeon
  3906 | D:5      | Reached XP level 8. HP: 23/54 MP: 8/8
  4025 | D:5      | Reached skill level 5 in Unarmed Combat
  4690 | D:5      | Reached skill level 5 in Shapeshifting
  5478 | D:6      | Reached skill level 5 in Dodging
  5849 | D:7      | Reached skill level 5 in Stealth
  5849 | D:7      | Reached XP level 9. HP: 26/59 MP: 9/9
  6123 | D:7      | Reached skill level 5 in Fighting
  6123 | D:7      | Reached skill level 6 in Unarmed Combat
  6190 | D:7      | Found a staircase to the Ecumenical Temple.
  6196 | Temple   | Entered the Ecumenical Temple
  6203 | Temple   | Became a worshipper of Gozag Ym Sagoz the Greedy
  6253 | D:7      | HP: 2/59 [wight/+5 long sword (14)]
  6288 | D:7      | Noticed a hornet
  6439 | D:7      | Paralysed by a hornet for 1 turns
  6440 | D:7      | Killed a hornet
  6665 | D:7      | Found Zin's Purification Station.
  6668 | D:7      | Found a glowing silver altar of Zin.
  6748 | D:7      | Killed from afar by an electric eel

Illustrated notes

Levels and vault maps discovered:
D:1:      lightli_arrival_maybe_door_vault, layout_basic, serial_shops,
          nicolae_shop_trees, shop, nicolae_shop_temple_entry_statues_fountains,
          nicolae_shop_getting_attention, shop, minmay_pentomino_o4
D:2:      layout_basic, basic_ecumenical_altar, uniq_sigmund
D:3:      layout_loops_cross, minivault_27, nicolae_goblin_pals, uniq_ijyb,
          uniq_robin
D:4:      layout_basic, serial_shops, shop
D:5:      layout_loops_cross
D:6:      layout_basic
D:7:      layout_loops_corners, zin_purify, tgw_kikubaaqudgha,
          minmay_temple_entry_enclosed_plants, chequers_big_river
Temple:   hellmonk_temple_forest_ring

Skill      XL: |  1  2  3  4  5  6  7  8  9 |
---------------+----------------------------+-----
Stealth        | 1 2 3 5 |  5.4
Fighting       | 2 3 4 5 |  5.2
Dodging        | 3 4 5 |  5.6
Shields        | 1 2 3 |  3.2
Unarmed Combat | 4 5 6 |  6.2
Shapeshifting  | 4 5 |  5.7
Evocations     | 1 2 3 |  3.1

Action                     |  1- 3 |  4- 6 |  7- 9 || total
---------------------------+-------+-------+-------++-------
  Melee: Unarmed           |    58 |    71 |   172 ||   301
         Constrict         |    15 |    20 |    45 ||    80
         Tentacles         |    14 |    13 |    43 ||    70
         Punch             |     2 |     1 |     5 ||     8
    Use: Scroll            |     2 |     4 |    10 ||    16
         Potion            |       |       |     1 ||     1
   Stab: Sleeping          |     9 |     3 |    12 ||    24
         Distracted        |       |       |     1 ||     1
 Armour: Skin              |    27 |    24 |    89 ||   140
  Dodge: Dodged            |    26 |    14 |    77 ||   117
  Block: Kite shield       |     9 |    31 |    87 ||   127

Table legend: (Time is in decaauts)
 A = Elapsed time spent in this place.
 B = Non-inter-level travel time spent in this place.
 C = Inter-level travel time spent in this place.
 D = Time resting spent in this place.
 E = Time spent auto-exploring this place.
 F = Levels seen in this place.
 G = Mean time per level.
                   A        B        C        D        E       F      G
               +--------+--------+--------+--------+--------+-----+--------+
         Total |   6772 |   6591 |    181 |   1152 |   4064 |   8 |  846.5 |
       Dungeon |   6758 |   6582 |    176 |   1152 |   4064 |   7 |  965.4 |
        Temple |     13 |      8 |      5 |      0 |      0 |   1 |   13.0 |
               +--------+--------+--------+--------+--------+-----+--------+

Top non-repeatable levels by time:
     D:4: 1253 daAuts
     D:5: 1119 daAuts
     D:2: 1055 daAuts
     D:6: 948 daAuts
     D:7: 926 daAuts
     D:3: 878 daAuts
     D:1: 577 daAuts
  Temple: 13 daAuts
